AoeStats
← Yorshka

Arabia

508865525Analyzed
4v4 RM · 8d ago on Sep 24, 2026· 44m 37s· 8 players
Game mode
Random Map
Map size
Large (8 player)
Population
200
Speed
Normal
Resources
Standard
Victory
Conquest
Starting age
Dark Age
Ending age
Imperial Age
RankedLock teamsTeams togetherTeam positionsShared explorationLock speedFull tech treeHidden civsTurbo modeCheats
Victory
Defeat
🇨🇳 Varangians · China
1717
+10
🇨🇳 Saxons · China
1641
+13
🇨🇳 Burmese · China
1602
+14
🇨🇳 Maya · China
1397
+22
🇹🇼 Varangians · Taiwan
1640
-18
🇹🇼 Varangians · Taiwan
1615
-17
🇻🇳 Varangians · Vietnam
1579
-15
🇹🇼 Varangians · Taiwan
1414
-9
游樂比(ULB)
5:42 Loom
8:42 Feudal Age
9:19 Double-Bit Axe
9:31 Horse Collar
11:47 Bloodlines
15:32 Scale Barding Armor
16:55 Forging
24:48 Castle Age
23:15 Town Watch
25:03 Gold Mining
25:50 Chain Barding Armor
25:31 Husbandry
25:56 Bow Saw
32:19 Stone Mining
34:58 Wheelbarrow
37:29 Vendel Legacy
40:05 Iron Casting
45:31 Imperial Age
TAG_Wayne
8:45 Feudal Age
9:06 Loom
9:39 Double-Bit Axe
10:31 Bloodlines
10:06 Horse Collar
15:48 Wheelbarrow
19:58 Castle Age
18:50 Scale Barding Armor
18:50 Gold Mining
19:41 Forging
20:53 Bow Saw
20:48 Husbandry
28:49 Chain Barding Armor
31:43 Hand Cart
32:13 Vendel Legacy
37:31 Town Watch
45:47 Imperial Age
5:44 Loom
9:11 Feudal Age
10:16 Double-Bit Axe
12:31 Bloodlines
20:01 Scale Barding Armor
26:01 Castle Age
24:35 Town Watch
24:32 Horse Collar
25:26 Stone Mining
26:53 Wheelbarrow
28:20 Bow Saw
32:24 Gold Mining
39:16 Imperial Age
38:40 Hand Cart
40:22 Chain Barding Armor
40:17 Forging
41:26 Stone Shaft Mining
43:28 Husbandry
44:36 Iron Casting
44:12 Fletching
kuim
5:45 Loom
11:04 Feudal Age
11:13 Man-at-Arms
15:00 Double-Bit Axe
15:46 Fletching
17:35 Padded Archer Armor
23:44 Gold Mining
26:49 Castle Age
27:28 Bodkin Arrow
26:54 Crossbowman
31:16 Wheelbarrow
33:28 Leather Archer Armor
33:34 Ballistics
41:20 Bow Saw
47:09 Imperial Age
Yorshka
6:14 Loom
8:41 Feudal Age
9:28 Double-Bit Axe
11:28 Bloodlines
13:45 Horse Collar
15:33 Forging
15:40 Horse Collar
18:14 Scale Barding Armor
22:54 Castle Age
21:43 Gold Mining
23:37 Husbandry
23:58 Chain Barding Armor
24:17 Iron Casting
24:32 Bow Saw
25:54 Wheelbarrow
27:23 Chain Barding Armor
32:21 Hand Cart
32:18 Heavy Plow
33:35 Town Watch
37:53 Imperial Age
37:00 Masonry
37:55 Cavalier
39:12 Plate Barding Armor
39:38 Blast Furnace
40:15 Two-Man Saw
39:46 Crop Rotation
40:08 Architecture
39:33 Stone Mining
41:10 Coinage
43:47 Siege Engineers
44:29 Fletching
45:50 Chemistry
45:05 Caravan
系色望捏
2:05 Loom
8:30 Feudal Age
10:49 Forging
11:08 Loom
11:33 Horse Collar
18:08 Scale Barding Armor
20:39 Bloodlines
27:34 Castle Age
27:02 Gold Mining
28:35 Chain Barding Armor
29:11 Wheelbarrow
29:46 Husbandry
31:00 Iron Casting
30:42 Heavy Plow
32:54 Town Watch
35:40 Light Cavalry
42:26 Manipur Cavalry
45:17 Hand Cart
偷猪的简笔
0:37 Loom
9:29 Feudal Age
9:59 Double-Bit Axe
15:35 Fletching
15:57 Scale Mail Armor
21:22 Castle Age
19:45 Padded Archer Armor
20:09 Gold Mining
21:25 Crossbowman
22:10 Bodkin Arrow
25:00 Ballistics
32:09 Wheelbarrow
36:07 Imperial Age
34:20 Thumb Ring
36:18 Arbalester
38:09 Chemistry
37:37 Bracer
38:47 Leather Archer Armor
40:11 Ring Archer Armor
44:30 Hand Cart
南良千奈
3:54 Loom
9:17 Feudal Age
16:23 Fletching
20:33 Padded Archer Armor
22:31 Town Watch
25:22 Castle Age
25:22 Double-Bit Axe
25:29 Crossbowman
26:14 Bodkin Arrow
32:59 Horse Collar
34:55 Ballistics
41:06 Wheelbarrow
42:53 Scale Mail Armor
46:31 Imperial Age
44:48 Squires
Connection lost

Rejoining the realm…

Still unreachable

The connection could not be restored.

Session expired

The server has moved on; the page needs a fresh start.